 Dungeon Crawl Stone Soup version 0.23.2 (webtiles) character file.

Game seed: 5379771594248310461

56 Kairos the Skirmisher (level 4, -10/38 HPs)
             Began as a Formicid Abyssal Knight on Apr 10, 2019.
             Was a Follower of Lugonu.
             Mangled by Crazy Yiuf
             ... wielding a +4 quarterstaff of chaos
              (11 damage)
             ... on level 2 of the Dungeon.
             The game lasted 00:04:24 (2593 turns).

Kairos the Skirmisher (Formicid Abyssal Knight)     Turns: 2593, Time: 00:04:25

Health: -10/38     AC:  5    Str: 15 (18) XL:     4   Next: 15%
Magic:  5/5        EV: 10    Int:  8 (11) God:    Lugonu [*.....]
Gold:   86         SH:  0    Dex: 10      Spells: 3/3 levels left

rFire    . . .     SeeInvis +   a - +2 spear
rCold    + . .     Gourm    .   (no shield)
rNeg     . . .     Faith    .   t - +0 ring mail
rPois    .         Spirit   .   (helmet unavailable)
rElec    .         Reflect  .   (no cloak)
rCorr    .         Harm     .   (no gloves)
MR       +....                  (no boots)
Stlth    +.........             (no amulet)
HPRegen  0.12/turn              e - ring of protection from cold
MPRegen  0.09/turn              s - ring of protection from magic

@: no status effects
A: permanent stasis, dig shafts and tunnels, four strong arms, antennae 3
a: Dig, Shaft Self, Depart the Abyss, Renounce Religion


You were on level 2 of the Dungeon.
You worshipped Lugonu.
Lugonu was aware of your devotion.
You were not hungry.

You visited 1 branch of the dungeon, and saw 2 of its levels.
You visited the Abyss 1 time.

You collected 86 gold pieces.

Inventory:

Hand Weapons
 a - a +2 spear (weapon)
 j - a +0 war axe of freezing
 m - a +0 spear of pain
 n - the +1 long sword "Gaost" {flame, rF- Dex+5 SInv}
   (You found it on level 4 of the Abyss)

   It has been specially enchanted to burn those struck by it, causing extra
   injury to most foes and up to half again as much damage against particularly
   susceptible opponents.
   Big, fiery blades are also staple armaments of hydra-hunters.
   It affects your dexterity (+5).
   It makes you vulnerable to fire.
   It lets you see invisible.
Missiles
 d - 35 sling bullets
Armour
 b - a +1 leather armour
 t - a +0 ring mail (worn)
Jewellery
 e - a ring of protection from cold (left hand)
 f - a +5 ring of intelligence
 q - an uncursed ring of wizardry
 s - a ring of protection from magic (right hand)
Scrolls
 h - a scroll of remove curse
 i - 2 scrolls of magic mapping {unknown}
 l - a scroll of enchant armour
 o - 2 scrolls of identify {unknown}
 r - a scroll of amnesia {unknown}
Potions
 g - a potion of ambrosia
 k - a potion of lignification {unknown}
 p - a potion of heal wounds
Comestibles
 c - 4 rations


   Skills:
 + Level 4.3 Fighting
 + Level 2.3 Polearms
 + Level 2.8 Armour
 + Level 1.0 Dodging
 + Level 1.3 Stealth
 + Level 2.3 Invocations


You had 3 spell levels left.
You didn't know any spells.
Your spell library was empty.

Dungeon Overview and Level Annotations

Branches:
Dungeon (2/15)

Altars:
Dithmenos

Annotations:
D:2 Crazy Yiuf


Innate Abilities, Weirdness & Mutations

You cannot be hasted, slowed, berserked, paralysed or teleported.
You can dig through walls and to a lower floor.
Your four strong arms can wield two-handed weapons with a shield.
You have a pair of large antennae on your head. (SInv)


Message History

Crazy Yiuf is heavily wounded.
Crazy Yiuf says, "Sif Muna song wrapper!"
Crazy Yiuf hits you with a +4 quarterstaff of chaos!
Crazy Yiuf freezes you.
You hit Crazy Yiuf.
Crazy Yiuf is severely wounded.
Crazy Yiuf closely misses you.
You closely miss Crazy Yiuf.
Crazy Yiuf is severely wounded.
Crazy Yiuf hits you with a +4 quarterstaff of chaos!
* * * LOW HITPOINT WARNING * * *
Crazy Yiuf burns you.
* * * LOW HITPOINT WARNING * * *
You hit Crazy Yiuf.
Crazy Yiuf is almost dead.
Crazy Yiuf closely misses you.
You hit Crazy Yiuf.
Crazy Yiuf is almost dead.
Crazy Yiuf hits you with a +4 quarterstaff of chaos!
You die...

#........# #....#
########## ##........#
#....# ##........#
##........## ♣....♣
#.........# ...........#
♣...♣♣ #.........##
...........# ♣♣.♣♣
#..........# ...........#
♣.♣♣ #..........#
..#........# ♣♣.♣
#........... ...........#
♣.♣♣ #...........
.##........# ♣♣@♣
#........... .#####.....#
#g# #...#.#..... .# #...#.#
... #.....#..... ## #...#.#
#...# #.....+..... #...#.#
#..)# #.....#..... ###.#.#
##### ##'...#..... #....#
#.'...#.....
#.#..#############...#.....
#.#...#........###...#.....


You could see Crazy Yiuf.

Vanquished Creatures
  An adder (D:2)
  2 dart slugs
  2 leopard geckos
  A ball python (D:2)
  5 goblins
  5 hobgoblins
  2 jackals (D:2)
  5 bats
  A frilled lizard (D:1)
  9 kobolds
  8 rats
41 creatures vanquished.

Notes
Turn   | Place    | Note
-------+----------+-------------------------------------------
     0 | Abyss:1  | Kairos the Formicid Abyssal Knight began the quest for the
                  | Orb.
     0 | Abyss:1  | Reached XP level 1. HP: 18/18 MP: 2/2
   187 | Abyss:3  | Found a corrupted altar of Lugonu.
   197 | Abyss:3  | Noticed a smoke demon
   206 | Abyss:3  | Noticed a flying skull
   207 | Abyss:3  | Noticed a flying skull
   207 | Abyss:3  | Noticed a flying skull
   208 | Abyss:3  | Noticed a flying skull
   208 | Abyss:3  | Noticed a flying skull
   212 | Abyss:4  | Got a crude long sword
   241 | Abyss:4  | Noticed a thrashing horror
   244 | D:1      | Escaped the Abyss
   245 | D:1      | Identified the +1 long sword "Gaost" {flame, rF- Dex+5
                  | SInv} (You found it on level 4 of the Abyss)
   632 | D:1      | Reached XP level 2. HP: 23/25 MP: 3/3
   634 | D:1      | Reached * piety under Lugonu
   705 | D:1      | Reached skill level 4 in Fighting
   851 | D:1      | Reached XP level 3. HP: 30/30 MP: 4/4
  1339 | D:2      | Reached skill level 1 in Stealth
  1381 | D:2      | Found a shadowy altar of Dithmenos.
  1769 | D:2      | Reached XP level 4. HP: 37/37 MP: 5/5
  1916 | D:2      | Found a runed translucent door.
  1917 | D:2      | Noticed Crazy Yiuf
  1948 | D:2      | Reached skill level 1 in Dodging
  2591 | D:2      | HP: 1/38 [Crazy Yiuf/+4 quarterstaff of chaos (1)]
  2593 | D:2      | Mangled by Crazy Yiuf

Skill      XL: |  1  2  3  4 |
---------------+-------------+-----
Fighting       | 4 |  4.3
Stealth        | 1 |  1.3
Dodging        | 1 |  1.0
Polearms       | |  2.3
Armour         | |  2.8
Invocations    | |  2.3

Action                   |  1- 3 |  4- 6 || total
-------------------------+-------+-------++-------
Melee: Spear             |   109 |    28 ||   137
Invok: Depart the Abyss  |     1 |       ||     1
 Abil: Dig               |     2 |       ||     2
  Use: Scroll            |     6 |     1 ||     7
       Potion            |     5 |       ||     5
 Stab: Sleeping          |       |     1 ||     1
  Eat: Chunk             |     1 |     2 ||     3
       Ration            |       |     1 ||     1
Armor: Leather armour    |    43 |     2 ||    45
Dodge: Dodged            |    62 |    11 ||    73
